 Dungeon Crawl Stone Soup version 0.14-a0-519-g334afa2 (webtiles) character file.

472 Malachi the Nimble (level 6, 0/32 HPs)
             Began as a Spriggan Berserker on Nov 1, 2013.
             Was a Priest of Trog.
             Slain by an ogre
             ... wielding a +0,+0 great mace of protection
              (29 damage)
             ... on Level 4 of the Dungeon.
             The game lasted 00:05:05 (2697 turns).

Malachi the Nimble (Spriggan Berserker)             Turns: 2697, Time: 00:05:06

HP   0/32        AC  5     Str 15      XL: 6   Next: 36%
MP  11/11        EV 23     Int  9      God: Trog [***...]
Gold 116         SH  0     Dex 15      Spells:  0 memorised,  5 levels left

Res.Fire  : . . .   See Invis. : +   u - +2,+0 elf short sword
Res.Cold  : . . .   Warding    : .   b - +0 animal skin
Life Prot.: . . .   Conserve   : .   (shield restricted)
Res.Poison: .       Res.Corr.  : .   (helmet restricted)
Res.Elec. : .       Clarity    : .   m - +0 cloak
Sust.Abil.: . .     Spirit.Shd : .   (gloves unavailable)
Res.Mut.  : .       Stasis     : .   (boots unavailable)
Res.Rott. : .       Flight     : .   (no amulet)
Saprovore : . . .                    (no ring)
                                     k - +2 ring of protection

@: very quick, somewhat resistant to hostile enchantments, fairly stealthy
A: unfitting armour, see invisible, herbivore 3, speed 3, slow metabolism 2
a: Burn Spellbooks, Berserk, Trog's Hand, Renounce Religion


You were on level 4 of the Dungeon.
You worshipped Trog.
Trog was most pleased with you.
You were not hungry.

You visited 1 branch of the dungeon, and saw 4 of its levels.

You collected 116 gold pieces.

Inventory:

Hand weapons
 a - a +0,+0 short sword
 f - a -1,+3 orcish dagger
 u - a +2,+0 elven short sword (weapon)
Armour
 b - a +0 animal skin (worn)
 m - a +0 cloak (worn)
Magical devices
 B - a wand of digging (17) {unknown}
Comestibles
 o - 2 bread rations
 A - a choko
Scrolls
 e - 4 scrolls of remove curse {unknown}
 g - a scroll of curse armour {unknown}
 i - 2 scrolls of recharging {unknown}
 n - 3 scrolls of identify {unknown}
 p - a scroll of random uselessness {unknown}
 q - 3 scrolls of teleportation {unknown}
 s - 2 scrolls of fear {unknown}
 x - 2 scrolls of blinking {unknown}
 y - a scroll of enchant weapon II {unknown}
 z - 4 scrolls of amnesia {unknown}
Jewellery
 k - a +2 ring of protection (left hand)
 l - an uncursed ring of wizardry
Potions
 c - a potion of porridge
 d - a potion of heal wounds {unknown}
 h - a potion of might {unknown}
 j - a potion of curing {unknown}
 r - 2 potions of restore abilities {unknown}
 t - a potion of degeneration {unknown}
 v - a potion of confusion {unknown}
 w - a potion of invisibility {unknown}


   Skills:
 - Level 2.4 Fighting
 * Level 5.5 Short Blades
 * Level 8.6 Dodging
 + Level 1.6 Stealth


You had 5 spell levels left.
You didn't know any spells.

Dungeon Overview and Level Annotations

Branches:
Dungeon (4/27)
 Temple: D:4-7

Altars:
Ashenzari
Kikubaaqudgha
Okawaru
Sif Muna
Xom


Innate Abilities, Weirdness & Mutations

You are tiny and cannot use many weapons and most armour.
You have supernaturally acute eyesight.
You are a herbivore.
You cover ground extremely quickly.
You need consume almost no food.


Message History

You hit the ogre.
The ogre is heavily wounded.
You completely miss the ogre.
The ogre is heavily wounded.
The ogre completely misses you.
You hit the ogre but do no damage.
The ogre is heavily wounded.
The ogre misses you.
You barely miss the ogre.
The ogre is heavily wounded.
You hit the ogre.
The ogre is heavily wounded.
The ogre closely misses you.
You hit the ogre but do no damage.
The ogre is heavily wounded.
You hit the ogre but do no damage.
The ogre is heavily wounded.
The ogre hits you with a glowing great mace!
Ouch! That really hurt!
You die...

. ...#. ... .. ..
#.##.#####.##. .... #.#
.......... ... #.#
#..##..#.# ...#.#
#..##..#.#
.####.#.###..##..#.#####
♣.....?..................
......#.####.......#.###
### #@# #####.#...... #O#
#.#.#.### #.# #.....###
... ###.#...# ... #.#.#.#
....# #.#.#.# .....
..#.#.# .)...# # ###.#.#
... .....##.#.#


You could see an ogre.

Vanquished Creatures
  An ogre (D:4)
  A hound (D:4)
  3 orc wizards (D:4)
  A worker ant (D:4)
  5 adders
  3 worms
  4 giant geckos
  2 oozes (D:1)
  5 orcs
  A ball python (D:3)
  3 giant cockroaches
  7 goblins
  6 hobgoblins
  6 kobolds
  4 training dummies (D:3)
  7 bats
  2 giant newts
  3 jackals (D:3)
  A kobold skeleton (D:4)
  2 orc skeletons (D:4)
  3 quokkas
  6 rats
  A rat zombie (D:3)
77 creatures vanquished.

Notes
Turn   | Place    | Note
--------------------------------------------------------------
     0 | D:1      | Malachi, the Spriggan Berserker, began the quest for the Orb.
     0 | D:1      | Reached XP level 1. HP: 12/12 MP: 1/1
    56 | D:1      | Reached skill level 5 in Dodging
   228 | D:1      | Reached XP level 2. HP: 12/16 MP: 3/3
   465 | D:1      | Acquired Trog's second power
   465 | D:1      | Reached XP level 3. HP: 12/20 MP: 5/5
   964 | D:2      | Reached skill level 6 in Dodging
  1076 | D:2      | Reached XP level 4. HP: 20/25 MP: 7/7
  1641 | D:3      | Found an iron altar of Okawaru.
  2155 | D:4      | Reached skill level 7 in Dodging
  2217 | D:4      | Reached XP level 5. HP: 11/28 MP: 9/9
  2291 | D:4      | Reached skill level 5 in Short Blades
  2320 | D:4      | Reached skill level 1 in Stealth
  2357 | D:4      | Noticed an ogre
  2550 | D:4      | Killed an ogre
  2550 | D:4      | Reached skill level 8 in Dodging
  2550 | D:4      | Reached XP level 6. HP: 32/32 MP: 11/11
  2587 | D:4      | Found a shattered altar of Ashenzari.
  2600 | D:4      | Found an ancient bone altar of Kikubaaqudgha.
  2603 | D:4      | Found a shimmering altar of Xom.
  2611 | D:4      | Found a deep blue altar of Sif Muna.
  2680 | D:4      | Noticed an ogre
  2697 | D:4      | Slain by an ogre

Action                   |  1- 3 |  4- 6 || total
-------------------------+-------+-------++-------
Melee: Short sword       |   155 |   262 ||   417
Invok: Berserk           |     1 |     3 ||     4
       Trog's Hand       |       |     1 ||     1
 Stab: Sleeping          |     1 |     3 ||     4
